 Dungeon Crawl Stone Soup version 0.23.2-1-ga50397a (webtiles) character file.

Game seed: 17712402587128566468

61 doot the Magician (level 3, -14/19 HPs)
             Began as a Deep Elf Fire Elementalist on May 21, 2019.
             Killed from afar by Sigmund (22 damage)
             ... with a puff of flame
             ... on level 3 of the Dungeon.
             The game lasted 00:04:59 (2186 turns).

doot the Magician (Deep Elf Fire Elementalist)      Turns: 2186, Time: 00:05:00

Health: -14/19     AC:  3    Str:  5    XL:     3   Next: 83%
Magic:  2/10       EV: 13    Int: 20    God:
Gold:   140        SH:  0    Dex: 15    Spells: 1/10 levels left

rFire    x . .     SeeInvis .   h - +3 dagger
rCold    + . .     Gourm    .   (no shield)
rNeg     + . .     Faith    .   a - +0 robe
rPois    .         Spirit   .   (no helmet)
rElec    .         Reflect  .   l - +0 cloak
rCorr    .         Harm     .   (no gloves)
MR       .....                  (no boots)
Stlth    ++........             (no amulet)
HPRegen  0.06/turn              j - ring of positive energy
MPRegen  0.12/turn              s - ring of ice

@: no status effects
A: no striking features
a: no special abilities


You were on level 3 of the Dungeon.
You were very hungry.

You visited 1 branch of the dungeon, and saw 3 of its levels.

You collected 140 gold pieces.

Inventory:

Hand Weapons
 e - a +0 dagger
 h - a +3 dagger (weapon)
Armour
 a - a +0 robe (worn)
 l - a +0 cloak (worn)
Jewellery
 j - a ring of positive energy (left hand)
 s - a ring of ice (right hand)
Wands
 r - a wand of flame (21)
Scrolls
 b - 2 scrolls of identify {unknown}
 d - a scroll of enchant armour {unknown}
 f - 3 scrolls of remove curse {unknown}
 g - a scroll of enchant weapon {unknown}
 i - a scroll of fog {unknown}
 m - a scroll of fear {unknown}
Potions
 k - a potion of heal wounds {unknown}
 n - 2 potions of lignification {unknown}
 o - 2 potions of flight {unknown}
 p - a potion of degeneration {unknown}
 q - a potion of ambrosia
Comestibles
 c - 4 rations


   Skills:
 + Level 2.5 Dodging
 + Level 2.8 Stealth
 + Level 4.2 Spellcasting
 + Level 1.4 Conjurations
 + Level 4.2 Fire Magic


You had one spell level left.
You knew the following spells:

 Your Spells              Type           Power        Failure   Level  Hunger
a - Flame Tongue          Conj/Fire      ###..        4%          1    None
b - Throw Flame           Conj/Fire      ###...       6%          2    #......
c - Conjure Flame         Conj/Fire      ###.....     12%         3    ###....
d - Inner Flame           Hex/Fire       ##......     16%         3    ###....

Your spell library contained the following spells:

 Spells                   Type           Power        Failure   Level  Hunger
 Sticky Flame             Conj/Fire      ###.....     36%         4    ####...
 Fireball                 Conj/Fire      ###.......   73%         5    ######.


Dungeon Overview and Level Annotations

Branches:
Dungeon (3/15)

Altars:
Dithmenos
Makhleb

Annotations:
D:2 exclusion: door
D:3 Sigmund


Message History

Confirm with . or Enter, or press ? or * to list all spells.
Aiming: Inner Flame (safe; 16% risk of failure)
Press: ? - help, Shift-Dir - straight line, f - adder
Aim: an adder (chance to defeat MR: 72%)
The adder struggles to resist.
Casting: Inner Flame (safe; 16% risk of failure)
Confirm with . or Enter, or press ? or * to list all spells.
Aiming: Inner Flame (safe; 16% risk of failure)
Press: ? - help, Shift-Dir - straight line, f/p - adder
Aim: an adder (chance to defeat MR: 72%)
The adder struggles to resist.
You are feeling very hungry.
Okay, then.
An orc wizard comes into view. It is wielding a +0 dagger.
Something hits you but does no damage.
You hear some strange, mumbled words.
A puff of flame appears from out of thin air!
The puff of flame hits you!! The fire burns you terribly!
Ouch! That really hurt!
You die...

### #############.#
#.............# #.###########.#
#.#....S.# #.# #.#S####.# #.#
#.#.## #.# #.# #.#..###.# #.# #
#.#@.{.#S####.#.####
..#####.#...........#.....
....)...#.##.o...^.......#
...................#####.#
.........####.####S#.#.......#.#
.........####....#.#.#.#####.#.#
..................@#...#........
....S..@.#######.#.##..#.#...#.#
..................>....#.....#.#


You could see an orc wizard (wandering) and an adder.

Vanquished Creatures
  2 adders
  2 worms (D:2)
  2 dart slugs
  A giant cockroach (D:1)
  9 goblins
  3 hobgoblins (D:1)
  4 kobolds
  A quokka (D:2)
  2 ball pythons (D:1)
  3 frilled lizards
  A quokka zombie (D:3)
  2 rats
32 creatures vanquished.

Notes
Turn   | Place    | Note
-------+----------+-------------------------------------------
     0 | D:1      | doot the Deep Elf Fire Elementalist began the quest for the
                  | Orb.
     0 | D:1      | Reached XP level 1. HP: 10/10 MP: 6/6
   340 | D:1      | Reached XP level 2. HP: 13/15 MP: 5/8
   430 | D:1      | Learned a level 2 spell: Throw Flame
   983 | D:2      | Found a burning altar of Makhleb.
   983 | D:2      | Noticed a crimson imp
  1097 | D:2      | Reached XP level 3. HP: 19/19 MP: 8/10
  1710 | D:3      | Learned a level 3 spell: Conjure Flame
  1714 | D:3      | Learned a level 3 spell: Inner Flame
  1745 | D:3      | Found a shadowy altar of Dithmenos.
  1801 | D:3      | Noticed Sigmund
  2186 | D:3      | Killed from afar by Sigmund

Skill      XL: |  1  2  3 |
---------------+----------+-----
Fire Magic     | 4 |  4.2
Spellcasting   | 4 |  4.2
Dodging        | |  2.5
Stealth        | |  2.8
Conjurations   | |  1.4

Action                   || total
-------------------------++-------
Melee: Dagger            ||     7
 Cast: Flame Tongue      ||    61
       Conjure Flame     ||     3
       Throw Flame       ||     2
       Inner Flame       ||     2
  Use: Potion            ||     1
  Eat: Chunk             ||     3
Armor: Robe              ||     3
Dodge: Dodged            ||    27
